 Dungeon Crawl Stone Soup version 0.17.1-2-g5865329 (webtiles) character file.

93 FortyThree the Insei (level 4, 0/33 HPs)
             Began as an Octopode Monk on Jan 28, 2016.
             Killed from afar by an orc wizard (6 damage)
             ... with a magic dart
             ... on level 4 of the Dungeon.
             The game lasted 00:04:06 (2415 turns).

FortyThree the Insei (Octopode Monk)                Turns: 2415, Time: 00:04:06

Health: 0/33       AC: -2    Str: 10    XL:     4   Next: 61%
Magic:  4/4        EV: 13    Int: 13    God:
Gold:   112        SH:  0    Dex: 14    Spells: 0 memorised, 3 levels left

rFire  . . .     SeeInvis .       - Unarmed
rCold  . . .     Clarity  .     (no shield)
rNeg   . . .     SustAt   .     (helmet restricted)
rPois  .         Gourm    .     (no amulet)
rElec  .         Spirit   .     p - -3 ring of protection (curse)
rCorr  .         Warding  .     (no ring)
rMut   .         Stasis   .     (no ring)
MR     .....                    (no ring)
Stlth  ++........               (no ring)
                                (no ring)
                                (no ring)
                                (no ring)

@: confused, not resistant to hostile enchantments, unstealthy
A: almost no armour, amphibious, 8 rings, constrict 8, camouflage 1, gelatinous
body 1
a: no special abilities


You were on level 4 of the Dungeon.
You were near starving.

You visited 1 branch of the dungeon, and saw 4 of its levels.

You collected 112 gold pieces.

Inventory:

Jewellery
 p - a cursed -3 ring of protection (left tentacle)
Scrolls
 b - 4 scrolls of fog
 d - a scroll of teleportation
Potions
 f - a potion of magic {unknown}
 g - a potion of lignification {unknown}
 h - a potion of haste {unknown}
 i - 2 potions of agility
 n - a potion of curing {unknown}
Comestibles
 a - 2 bread rations
 c - 3 beef jerkies
 j - 2 fruits


   Skills:
 + Level 4.2 Fighting
 - Level 3.0 Dodging
 - Level 2.6 Stealth
 + Level 5.0 Unarmed Combat


You had 3 spell levels left.
You didn't know any spells.

Dungeon Overview and Level Annotations

Branches:
Dungeon (4/15)
 Temple: D:4-7

Altars:
Okawaru
Ru


Innate Abilities, Weirdness & Mutations

You cannot wear most types of armour.
You are amphibious.
You can wear up to eight rings at the same time.
You can use your tentacles to constrict eight enemies at once.
Your skin changes colour to match your surroundings (Stealth).
Your rubbery body absorbs attacks (AC +1).


Message History

Deactivating autopickup; reactivate with Ctrl-A.
You barely miss something.
You hear some strange, mumbled words.
A magic dart appears from out of thin air!
The magic dart hits you!
You closely miss something. Something hits you!
* * * LOW HITPOINT WARNING * * *
You are too injured to fight recklessly!
You miss something. Something hits you.
* * * LOW HITPOINT WARNING * * *
Drink which item? (? for menu, Esc to quit)
It was a potion of ambrosia.
You are confused.
You feel invigorated. Something hits you.
* * * LOW HITPOINT WARNING * * *
You bump into the rock wall.
You hear some strange, mumbled words.
A magic dart appears from out of thin air!
The magic dart hits you!
You die...

#.# #.# ###.#
######### #...####
#.......###.#.....
#.#####.##.....###
#(# #.[..###.# #.#
####.# #..# #@# #
##....## #{#.##
##.## #o...# #.#
#.....# #.
.......# #+
##.....## ...
##...## .... #.##
..<.. .. ....<.


You could see an orc.

Vanquished Creatures
  Jessica (D:2)
  2 adders (D:2)
  An ooze (D:3)
  A giant gecko (D:1)
  3 orcs (D:4)
  A giant cockroach (D:2)
  3 hobgoblins
  3 jackals (D:3)
  A quokka (D:3)
  A ball python (D:3)
  9 bats
  3 giant newts (D:2)
  3 goblins
  4 kobolds
  7 rats
43 creatures vanquished.

Notes
Turn   | Place    | Note
--------------------------------------------------------------
     0 | D:1      | FortyThree the Octopode Monk began the quest for the Orb.
     0 | D:1      | Reached XP level 1. HP: 16/16 MP: 1/1
   138 | D:1      | Reached XP level 2. HP: 3/21 MP: 2/2
   933 | D:2      | Found an iron altar of Okawaru.
  1035 | D:2      | Noticed Jessica
  1049 | D:2      | Killed Jessica
  1049 | D:2      | Reached XP level 3. HP: 19/27 MP: 3/3
  1055 | D:2      | Reached XP level 4. HP: 9/33 MP: 4/4
  1454 | D:2      | Found a faded altar to an unknown god.
  2332 | D:4      | Found a sacrificial altar of Ru.
  2408 | D:4      | Reached skill level 5 in Unarmed Combat
  2415 | D:4      | Killed from afar by an orc wizard

Action                   |  1- 3 |  4- 6 || total
-------------------------+-------+-------++-------
Melee: Unarmed           |    40 |    52 ||    92
  Use: Scroll            |       |     6 ||     6
       Potion            |       |     1 ||     1
 Stab: Sleeping          |     5 |     7 ||    12
  Eat: Fruit             |       |     3 ||     3
